 Dungeon Crawl Stone Soup version 0.28.0-43-g3370ac3207 (webtiles) character file.

Game seed: 5291289316416703508

43 terff the Shield-Bearer (level 3, -7/29 HPs)
             Began as a Human Fighter on Mar 30, 2022.
             Killed by divine providence
             ... invoked by an orc priest
              (12 damage)
             ... on level 4 of the Dungeon.
             The game lasted 00:02:34 (1941 turns).

terff the Shield-Bearer (Human Fighter)             Turns: 1941, Time: 00:02:35

Health: -7/29      AC:  8    Str: 16    XL:     3   Next: 82%
Magic:  3/3        EV:  7    Int:  8    God:
Gold:   95         SH:  9    Dex: 14    Spells: 2/2 levels left

rFire   . . .      SeeInvis .   g - +0 whip
rCold   . . .      Faith    .   e - +0 kite shield
rNeg    . . .      Spirit   .   b - +0 scale mail
rPois   .          Reflect  .   (no helmet)
rElec   .          Harm     .   (no cloak)
rCorr   .          Rampage  .   l - +0 pair of gloves
Will    +....                   (no boots)
Stlth   ..........              (no amulet)
HPRegen 0.09/turn               j - ring of flight
MPRegen 0.08/turn               k - ring of willpower

@: flying
A: no striking features
a: no special abilities


You were on level 4 of the Dungeon.
You visited 1 branch of the dungeon, and saw 3 of its levels.

You collected 95 gold pieces.

Inventory:

Hand Weapons
 a - a +0 flail
 g - a +0 whip (weapon)
Armour
 b - a +0 scale mail (worn)
 c - a +0 buckler
 e - a +0 kite shield (worn)
 l - a +0 pair of gloves (worn)
Jewellery
 j - a ring of flight (left hand)
 k - a ring of willpower (right hand)
Scrolls
 f - 2 scrolls of amnesia
 h - 2 scrolls of enchant weapon
Potions
 d - a potion of might
 i - a potion of magic


   Skills:
 + Level 3.3 Fighting
 + Level 2.5 Maces & Flails
 + Level 3.4 Armour
 + Level 3.4 Shields


You had 2 spell levels left.
You didn't know any spells.
Your spell library was empty.

Dungeon Overview and Level Annotations

Branches:
Dungeon (2/15)

Altars:


Message History

You hit the worm.
The worm is heavily wounded.
You hit the worm.
The worm is severely wounded.
The worm bites you!
You barely miss the worm.
The worm is severely wounded.
You block the worm's attack.
You hit the worm.
The worm is almost dead.
You hit the worm.
You kill the worm!
You see here a worm corpse.
There is a shaft here.
Done exploring.
Done exploring.
There is a shaft here.
You are sucked into a shaft and drop 2 floors!
The shaft crumbles and collapses.
Found a stone staircase leading down.
An orc priest and an orc come into view.
Found 10 stones and 27 bolts.
The orc priest shouts!
The orc shouts!
You hear a shout!
A hobgoblin comes into view.
You see here 8 gold pieces.
You now have 95 gold pieces (gained 8).
The hobgoblin shouts!
The orc priest looks encouraged for a moment.
A steam dragon comes into view.
An orc comes into view. It is wielding a +0 club.
The steam dragon hisses angrily.
The orc shouts!
The orc throws a boomerang.
The boomerang hits you.
The orc priest invokes the aid of Beogh against you.
Beogh smites you! The steam dragon breathes steam at you.
The ball of steam hits you!
* * * LOW HITPOINT WARNING * * *
The orc priest calls down the wrath of Beogh upon you.
Beogh smites you!
You die...

### ### #### #.#
#.##########..#
#####.########..........#..#
#..........................#
########.#####..#.####.###.#..#
#.# ##.#####@.#.####.# #.#..#
#.# #..o....§.§...##.###.#..#
#.#####..#####..§..............
#......g.......§§.####.#####..#
#g#####..#.###................#
#.# #.......D§...............#
... ..........>...####.#####..#
............D........ ..# #..#
............o............# #.##


You could see a steam dragon and an orc priest.

Vanquished Creatures
  An adder (D:2)
  2 worms (D:2)
  5 ball pythons
  2 bats (D:1)
  3 endoplasms (D:1)
  3 giant cockroaches
  3 goblins (D:1)
  A hobgoblin (D:1)
  A quokka (D:1)
  A frilled lizard (D:1)
  3 kobolds
  A rat (D:1)
26 creatures vanquished.

Notes
Turn   | Place    | Note
-------+----------+-------------------------------------------
     0 | D:1      | terff the Human Fighter began the quest for the Orb.
     0 | D:1      | Reached XP level 1. HP: 18/18 MP: 1/1
   178 | D:1      | Reached XP level 2. HP: 19/24 MP: 2/2
   756 | D:1      | Found a faded altar of an unknown god.
   928 | D:2      | Reached XP level 3. HP: 29/29 MP: 3/3
  1873 | D:2      | You are sucked into a shaft and drop 2 floors!
  1934 | D:4      | Noticed a steam dragon
  1941 | D:4      | Killed from afar by an orc priest

Illustrated notes

Levels and vault maps discovered:
D:1:      scummos_arrival_forest, layout_rooms, ebering_ecumenical_altar_hall
D:2:      layout_loops_ring
D:4:      layout_basic, serial_shops, shop_fountains, corexii_corridor_pit,
          minmay_crossroads

Action                   || total
-------------------------++-------
Melee: Flail             ||    50
       Whip              ||    33
  Use: Scroll            ||     4
Armor: Scale mail        ||    47
Dodge: Dodged            ||    33
Block: Buckler           ||     4
       Kite shield       ||    31
